 Dungeon Crawl Stone Soup version 0.26.1-11-gd32895ea62 (webtiles) character file.

Game seed: 16979192117410167753

156 seveneves the Poker (level 5, 0/41 HPs)
             Began as a Merfolk Gladiator on July 20, 2021.
             Was an Initiate of Ru.
             Slain by a howler monkey (6 damage)
             ... on level 4 of the Dungeon.
             The game lasted 00:09:46 (2275 turns).

seveneves the Poker (Merfolk Gladiator)             Turns: 2275, Time: 00:09:46

Health: 0/41       AC: 10    Str: 14    XL:     5   Next: 37%
Magic:  5/5        EV: 11    Int:  9    God:    Ru [......]
Gold:   146        SH:  0    Dex: 15    Spells: 4/4 levels left

rFire    . . .     SeeInvis .   s - +2 falchion (vorpal)
rCold    . . .     Faith    +   (no shield)
rNeg     . . .     Spirit   .   f - +1 scale mail
rPois    .         Reflect  .   c - +0 helmet
rElec    .         Harm     .   (no cloak)
rCorr    .         Rampage  .   q - +0 pair of gloves
Will     .....                  n - +0 pair of boots
Stlth    ..........             j - amulet of faith
HPRegen  0.13/turn              (no ring)
MPRegen  0.09/turn              (no ring)

@: berserk cooldown, attractive, slowed, very slow
A: change form in water, swift swim, stealthy swim
a: Renounce Religion


You were on level 4 of the Dungeon.
You worshipped Ru.
Ru was noncommittal.
You visited 1 branch of the dungeon, and saw 4 of its levels.

You collected 146 gold pieces.

Inventory:

Hand Weapons
 a - a +0 trident
 s - a +2 vorpal falchion (weapon)
Missiles
 d - 3 throwing nets (quivered)
Armour
 c - a +0 helmet (worn)
 f - a +1 scale mail (worn)
 n - a +0 pair of boots (worn)
 q - a +0 pair of gloves (worn)
Jewellery
 j - an amulet of faith (around neck)
Scrolls
 g - 2 scrolls of remove curse {unknown}
 r - 2 scrolls of identify
 u - a scroll of fear {unknown}
Potions
 e - 4 potions of curing
 h - a potion of cancellation {unknown}
 i - a potion of berserk rage
 l - a potion of attraction
 t - a potion of heal wounds {unknown}


   Skills:
 + Level 3.2 Fighting
 + Level 6.7 Polearms
 + Level 2.0 Throwing
 + Level 1.0 Armour
 + Level 4.9 Dodging
 + Level 0.1 Stealth


You had 4 spell levels left.
You didn't know any spells.
Your spell library was empty.

Dungeon Overview and Level Annotations

Branches:
Dungeon (4/15)
 Temple: D:4-7

Altars:
Kikubaaqudgha
Qazlal
Ru
Uskayaw


Message History

It is a scroll of amnesia.
You feel forgetful for a moment.
Your surroundings suddenly seem different.
A howler monkey comes into view.
The howler monkey howls!
The howler monkey hoots and howls with incredible vigour!
The howler monkey is pulled toward you!
You closely miss the howler monkey. The howler monkey hits you.
* * * LOW HITPOINT WARNING * * *
The howler monkey barely misses you.
You closely miss the howler monkey.
The howler monkey hits you but does no damage.
The howler monkey barely misses you. The howler monkey hits you.
* * * LOW HITPOINT WARNING * * *
You hit the howler monkey.
The howler monkey is lightly wounded.
The howler monkey misses you.
You riposte.
You hit the howler monkey.
The howler monkey is moderately wounded.
The howler monkey hits you.
You die...

.....
....
#...
#..#
#..#
#..#
#h.#
#@.#
#..#
#..#
#..#
#..#
#..#
#..#
#..#


You could see a howler monkey.

Vanquished Creatures
  A scorpion (D:4)
  3 adders (D:3)
  3 dart slugs
  5 leopard geckos
  5 orcs (D:3)
  A giant cockroach (D:1)
  6 goblins
  7 hobgoblins
  8 jackals
  6 kobolds
  9 bats
  2 frilled lizards (D:1)
  5 rats
61 creatures vanquished.

Notes
Turn   | Place    | Note
-------+----------+-------------------------------------------
     0 | D:1      | seveneves the Merfolk Gladiator began the quest for the
                  | Orb.
     0 | D:1      | Reached XP level 1. HP: 16/16 MP: 1/1
   221 | D:1      | Reached XP level 2. HP: 16/22 MP: 2/2
   263 | D:1      | You fall into a shaft and drop 1 floor!
   387 | D:1      | Reached skill level 5 in Polearms
   511 | D:1      | Reached XP level 3. HP: 20/28 MP: 3/3
  1004 | D:2      | Found a sacrificial altar of Ru.
  1012 | D:2      | Became a worshipper of Ru the Awakened
  1441 | D:2      | Found an ancient bone altar of Kikubaaqudgha.
  1645 | D:2      | Noticed a +0 dagger
  1647 | D:2      | Found a hide-covered altar of Uskayaw.
  1647 | D:2      | Noticed a +0 hand axe
  1714 | D:3      | Reached XP level 4. HP: 32/34 MP: 4/4
  1740 | D:3      | Found a stormy altar of Qazlal.
  1897 | D:3      | Reached skill level 6 in Polearms
  2226 | D:4      | Reached skill level 1 in Armour
  2226 | D:4      | Reached XP level 5. HP: 15/41 MP: 5/5
  2275 | D:4      | Slain by a howler monkey

Illustrated notes

Levels and vault maps discovered:
D:1:      lemuel_arrival_rhombus, layout_basic
D:2:      layout_loops_corners, dancing_weapons_uskayaw,
          nicolae_ru_path_of_blood, tgw_kikubaaqudgha
D:3:      layout_basic, nicolae_qazlal_general_emergency, serial_bayou_pond_e
D:4:      layout_cave_pods, kennysheep_minor_cross

Skill      XL: |  1  2  3  4 |
---------------+-------------+-----
Polearms       | 5 6 |  6.7
Fighting       | 3 |  3.2
Armour         | 1 |  1.0
Throwing       | |  2.0
Dodging        | |  4.9
Stealth        | |  0.1

Action                   |  1- 3 |  4- 6 || total
-------------------------+-------+-------++-------
Melee: Trident           |   136 |    78 ||   214
       Falchion          |       |     3 ||     3
  Use: Scroll            |     2 |     6 ||     8
       Potion            |       |     2 ||     2
Armor: Scale mail        |    76 |    55 ||   131
Dodge: Dodged            |   106 |    79 ||   185
       Rpst.: Falchion   |       |     1 ||     1
